 Dungeon Crawl Stone Soup version 0.31-a0-182-gc5ef74bbde (webtiles) character file.

Game seed: 14945704142714406362

336 qw the Chopper (level 6, 0/38 HPs)
             Began as a Gargoyle Fighter on June 20, 2023.
             Slain by an adder (1 damage)
             ... on level 3 of the Dungeon.
             The game lasted 00:01:09 (2099 turns).

qw the Chopper (Gargoyle Fighter)                   Turns: 2099, Time: 00:01:09

Health: 0/38       AC: 15    Str: 20 (22) XL:     6   Next: 54%
Magic:  6/6        EV:  8    Int:  5 (8)  God:
Gold:   122        SH:  4    Dex:  8 (9)  Spells: 5/5 levels left

rFire   + . .        Y - +0 war axe
rCold   + . .        c - +0 buckler
rNeg    + . .        a - +0 chain mail
rPois   inf          n - +0 helmet
rElec   +            (no cloak)
rCorr   +            k - +0 pair of gloves
SInv    .            (no boots)
Will    .....        (no amulet) Stlth
                     (no ring)
HPRegen 0.26/turn    (no ring)
MPRegen 0.10/turn

%: no passive effects
@: resistant
A: sickness immunity, AC +4, negative energy resistance 1, electricity
resistance, torment resistance 1, petrification resistance
a: no special abilities


You were on level 3 of the Dungeon.
You visited 1 branch of the dungeon, and saw 4 of its levels.

You collected 122 gold pieces.


Innate Abilities, Weirdness & Mutations

You are immune to sickness and miasma.
Your stone body is resilient. (AC +4)
You are immune to poison.
You resist negative energy. (rN+)
You are resistant to electric shocks. (rElec)
You are resistant to unholy torment.
You are immune to petrification.


   Skills:
 - Level 4.1 Fighting
 + Level 5.2 Axes
 - Level 3.2 Armour
 - Level 1.9 Dodging
 - Level 3.2 Shields


You had 5 spell levels left.
You didn't know any spells.
Your spell library was empty.

Inventory:

Hand Weapons
 f - a +0 flail
 Y - a +0 war axe (weapon)
Missiles
 m - 9 boomerangs (quivered)
Armour
 a - a +0 chain mail (worn)
 c - a +0 buckler (worn)
 k - a +0 pair of gloves (worn)
 n - a +0 helmet (worn)
Scrolls
 g - a scroll of identify
Potions
 b - a potion of resistance
 d - a potion of might
 e - a potion of curing
 h - a potion of haste
 i - a potion of magic {unknown}
 j - a potion of brilliance {unknown}
 l - a potion of lignification
 o - a potion of berserk rage {unknown}

Dungeon Overview and Level Annotations

Branches:
Dungeon (4/15)
 Temple: D:4-7

Altars:

Annotations:
D:4 1 runed translucent door, qw's ghost, amateur GrHu


Message History

2078 ||| DROPPING potion of degeneration.
You drop a potion of degeneration.
Done exploring.
(D) Dungeon
Where to? (* - list waypoints, Enter - D:2, ? - help)
What level of the Dungeon? (default 1, ? - help)
There is a stone staircase leading down here.
You climb downwards.
There is a stone staircase leading up here.
An ogre comes into view. It is wielding a +0 giant club.
The ogre shouts!
You throw a boomerang. The boomerang barely misses the ogre.
An adder comes into view.
You throw a boomerang. The boomerang barely misses the ogre.
The boomerang hits the adder.
The adder is moderately wounded.
You throw a boomerang. The boomerang hits the ogre.
The ogre is lightly wounded.
You hit the ogre.
The ogre is moderately wounded.
The ogre hits you with a +0 giant club!!
Ouch! That really hurt!
You slash the ogre!
The ogre is severely wounded.
You miss the adder. The adder bites you but does no damage.
You block the ogre's attack. The adder bites you but does no damage.
You hit the ogre.
The ogre is severely wounded.
You miss the adder. The adder barely misses you. The ogre barely misses you.
The adder bites you.
You hit the ogre.
The ogre is almost dead.
You miss the adder. You block the adder's attack.
The ogre hits you with a +0 giant club!
You hit the ogre.
You kill the ogre!
You miss the adder. The adder bites you but does no damage.
The adder bites you.
You die...

***,#......##....#...,,,,,,,,,,,,
*,,,#......##.##.####,,,,,**,*,**
*,**#......##.##.####,,,,,**,*,**
*,*,#......#.!.#.....,,,,,+,,*,**
*,#.#......#...######,,,,,****,*
,,#>^...........<#..+,,,,,+,,,,**
**#.###%##.##..###.##,,,,,***,,,*
* #.....##.........##...,,***,,,*
####.~7.........@)......,,,,+,,,+
..##.P~#########.S######*****,,,*
#.##~P~##########.##### *,,,*
#.##~~..# #.(....# *****
#.##.~..# #......# #/..##..#
#......####
###.##.#########.........#
#.##................[..#####
#.###.#######.#####........#


You could see an adder.

Vanquished Creatures
  A black bear (D:4)
  An ogre (D:3)
  2 hounds (D:4)
  A sleepcap (D:4)
  Natasha (D:4)
  Robin (D:4)
  6 adders
  3 dart slugs
  4 orcs (D:3)
  5 bats
  An endoplasm (D:4)
  3 giant cockroaches
  12 goblins
  6 hobgoblins
  4 kobolds
  A quokka (D:1)
  6 ball pythons
  2 frilled lizards (D:1)
  4 rats
64 creatures vanquished.

Notes
Turn   | Place    | Note
-------+----------+-------------------------------------------
     0 | D:1      | qw the Gargoyle Fighter began the quest for the Orb.
     0 | D:1      | Reached XP level 1. HP: 14/14 MP: 1/1
     0 | D:1      | 0 ||| qw: Version: 0.3-a-9-g12657ce
     0 | D:1      | 0 ||| qw: Game counter: 1449
     0 | D:1      | 0 ||| qw: Always use a shield: true
     0 | D:1      | 0 ||| qw: God list: Okawaru
     0 | D:1      | 0 ||| qw: Allow faded altars: false
     0 | D:1      | 0 ||| qw: Do Orc after D:15 true
     0 | D:1      | 0 ||| qw: Do second Lair branch before Depths: true
     0 | D:1      | 0 ||| qw: Lair rune preference: random
     0 | D:1      | 0 ||| qw: Plans: Normal, Zot:1-4, Slime:5, God:TSO, Crypt,
                  | Tomb, Abyss, Pan, Hells, Win
     0 | D:1      | 0 ||| PLANNING D:1-11
    59 | D:1      | Reached skill level 2 in Axes
   132 | D:1      | Reached XP level 2. HP: 19/19 MP: 2/2
   150 | D:1      | 150 ||| Stepping ~*~*~tactically~*~*~ (hiding).
   152 | D:1      | 152 ||| Stepping ~*~*~tactically~*~*~ (hiding).
   663 | D:1      | Reached skill level 3 in Axes
   677 | D:1      | Reached XP level 3. HP: 15/23 MP: 3/3
   793 | D:1      | 793 ||| UPGRADING to +0 pair of gloves.
   798 | D:1      | 798 ||| READING 4 scrolls labelled RUFFUBB OGGE.
   799 | D:1      | 799 ||| READING 3 scrolls labelled VOIBIX EMEMYMOIN.
   800 | D:1      | 800 ||| DRINKING 2 sedimented blue potions.
   850 | D:1      | 850 ||| READING 2 scrolls of identify.
   850 | D:1      | 850 ||| IDENTIFYING inky potion
   851 | D:1      | 851 ||| DROPPING 3 scrolls of blinking.
  1197 | D:2      | You fall into a shaft and drop 2 floors!
  1233 | D:4      | Noticed Robin
  1234 | D:4      | 1234 ||| Stepping ~*~*~tactically~*~*~ (hiding).
  1238 | D:4      | 1238 ||| Stepping ~*~*~tactically~*~*~ (stealth).
  1239 | D:4      | 1239 ||| Stepping ~*~*~tactically~*~*~ (stealth).
  1240 | D:4      | 1240 ||| Stepping ~*~*~tactically~*~*~ (hiding).
  1246 | D:4      | Reached XP level 4. HP: 28/28 MP: 4/4
  1247 | D:4      | Reached skill level 4 in Axes
  1256 | D:4      | Killed Robin
  1292 | D:4      | 1292 ||| Stepping ~*~*~tactically~*~*~ (stealth).
  1294 | D:4      | 1294 ||| Stepping ~*~*~tactically~*~*~ (stealth).
  1304 | D:4      | Reached XP level 5. HP: 23/32 MP: 5/5
  1314 | D:4      | Reached skill level 5 in Axes
  1394 | D:4      | Noticed qw's ghost (amateur GrHu)
  1397 | D:4      | Found a runed translucent door.
  1409 | D:4      | Noticed Natasha
  1410 | D:4      | 1410 ||| Stepping ~*~*~tactically~*~*~ (hiding).
  1415 | D:4      | Killed Natasha
  1432 | D:4      | 1432 ||| FLEEEEING.
  1435 | D:4      | Noticed a black bear
  1443 | D:4      | Killed a black bear
  1444 | D:4      | Reached skill level 1 in Dodging
  1444 | D:4      | Reached XP level 6. HP: 31/38 MP: 6/6
  1471 | D:4      | 1471 ||| UPGRADING to +0 chain mail.
  1481 | D:4      | 1481 ||| DROPPING +0 scale mail.
  1482 | D:4      | 1482 ||| UPGRADING to +0 helmet.
  1487 | D:4      | 1487 ||| READING scroll labelled PEVEYN REHOAM.
  1488 | D:4      | 1488 ||| READING 2 scrolls labelled PIEDWA JACU.
  1489 | D:4      | 1489 ||| READING scroll labelled LOUPHI ZIQALUGOA.
  1490 | D:4      | 1490 ||| READING scroll labelled OWO ZEDWO JOKK.
  1490 | D:4      | Identified a scroll of acquirement
  1490 | D:4      | 1490 ||| ACQUIRING +3 broad axe of draining
  1490 | D:4      | Acquired a +3 broad axe of draining
  1491 | D:4      | 1491 ||| READING 2 scrolls of identify.
  1491 | D:4      | 1491 ||| IDENTIFYING blue potion
  1492 | D:4      | 1492 ||| DROPPING scroll of amnesia.
  1536 | D:3      | 1536 ||| DROPPING +0 mace.
  1537 | D:3      | 1537 ||| DROPPING +0 club.
  1616 | D:3      | 1616 ||| Stepping ~*~*~tactically~*~*~ (hiding).
  1776 | D:3      | 1776 ||| READING scroll labelled KEPHOSS BOLIXZE.
  1777 | D:3      | 1777 ||| READING scroll labelled YSUSUKKAIN.
  1778 | D:3      | 1778 ||| DRINKING 2 fuming dark potions.
  1779 | D:3      | 1779 ||| DROPPING potion of invisibility.
  2076 | D:2      | 2076 ||| DRINKING 2 coppery potions.
  2077 | D:2      | 2077 ||| DRINKING 2 fizzy grey potions.
  2078 | D:2      | 2078 ||| DROPPING potion of degeneration.
  2095 | D:3      | HP: 8/38 [ogre/+0 giant club (30)]
  2098 | D:3      | HP: 1/38 [ogre/+0 giant club (7)]
  2099 | D:3      | Slain by an adder

Levels and vault maps discovered:
D:1:      lemuel_arrival_broad_hall, layout_basic, minmay_cut_off
D:2:      minmay_evil_eye, layout_basic
D:3:      layout_basic, serial_park_tiny_pond, serial_bayou_pond_e
D:4:      layout_basic, nicolae_gozag_seed_capital,
          hellmonk_ghost_happy_afterlife, serial_shops, nicolae_shop_tiny_glass,
          minmay_vboxes, uniq_natasha, uniq_robin, uniq_eustachio

Skill      XL: |  1  2  3  4  5 |
---------------+----------------+-----
Axes           | 2 3 4 5 |  5.2
Fighting       | 4 |  4.1
Dodging        | 1 |  1.9
Armour         | |  3.2
Shields        | |  3.2

Action                     |  1- 3 |  4- 6 || total
---------------------------+-------+-------++-------
  Melee: War axe           |    90 |    97 ||   187
  Throw: Boomerang         |       |    23 ||    23
    Use: Scroll            |     3 |     7 ||    10
         Potion            |     1 |     3 ||     4
 Armour: Scale mail        |    54 |    46 ||   100
         Chain mail        |       |    26 ||    26
  Dodge: Dodged            |    47 |    60 ||   107
  Block: Buckler           |    22 |    33 ||    55

Table legend:
 A = Non-vault XP
 B = Vault XP
 C = Vault XP percentage of total XP
 D = Non-vault monster count
 E = Vault monster count
 F = Vault count percentage of total count
                 A         B        C        D         E       F
            +---------+---------+-------+---------+---------+-------
      Total |     479 |     119 |  19.9 |      43 |      21 |  32.8
            +---------+---------+-------+---------+---------+-------
        D:1 |      26 |       8 |  23.5 |      15 |       3 |  16.7
        D:2 |      58 |       1 |   1.7 |      13 |       1 |   7.1
        D:3 |     139 |       0 |   0.0 |      10 |       0 |   0.0
        D:4 |     256 |     110 |  30.1 |       5 |      17 |  77.3
            +---------+---------+-------+---------+---------+-------
